 Dungeon Crawl Stone Soup version 0.31-a0-188-g5e087ee2ca (webtiles) character file.

Game seed: 18190819680965497444

852 qw the Skirmisher (level 7, -1/40 HPs)
             Began as a Deep Elf Hunter on June 23, 2023.
             Slain by a sky beast (5 damage)
             ... on level 4 of the Dungeon.
             The game lasted 00:01:31 (4472 turns).

qw the Skirmisher (Deep Elf Hunter)                 Turns: 4472, Time: 00:01:32

Health: -1/40      AC:  7    Str: 10    XL:     7   Next: 69%
Magic:  9/9        EV: 12    Int: 14    God:
Gold:   65         SH:  0    Dex: 18    Spells: 6/6 levels left

rFire   . . .        Y - +2 shortbow
rCold   . . .        (shield currently unavailable)
rNeg    . . .        e - +0 ring mail
rPois   .            (no helmet)
rElec   .            (no cloak)
rCorr   .            b - +0 pair of gloves
SInv    .            d - +0 pair of boots
Will    .....        (no amulet)
Stlth   +            (no ring)
HPRegen 0.26/turn    (no ring)
MPRegen 0.11/turn

%: no passive effects
@: no status effects
A: no striking features
a: no special abilities


You were on level 4 of the Dungeon.
You visited 1 branch of the dungeon, and saw 5 of its levels.

You collected 243 gold pieces.
You spent 178 gold pieces at shops.


   Skills:
 - Level 2.1 Fighting
 + Level 11.6 Ranged Weapons
 - Level 1.1 Armour
 - Level 3.8 Dodging
 - Level 1.2 Stealth


You had 6 spell levels left.
You didn't know any spells.
Your spell library was empty.

Inventory:

Hand Weapons
 Y - a +2 shortbow (weapon)
Armour
 b - a +0 pair of gloves (worn)
 d - a +0 pair of boots (worn)
 e - a +0 ring mail (worn)
Scrolls
 a - a scroll of identify
Potions
 f - 2 potions of curing

Dungeon Overview and Level Annotations

Branches:
Dungeon (5/15)
 Temple: D:4-7

Altars:

Shops:
D:2 [   D:3 (?:*


Message History

You shoot an arrow. The arrow hits the black bear!
The black bear is moderately wounded.
Something hits you. Something shocks you. The black bear closely misses you.
The black bear claws you.
The black bear claws you but does no damage.
4464 ||| STAIRDANCE Something hits you but does no damage.
The black bear closely misses you. The black bear misses you.
The black bear closely misses you.
You climb upwards.
Reactivating autopickup.
There is a stone staircase leading down, spattered with blood here.
You shoot an arrow. The arrow hits the black bear.
The black bear is heavily wounded.
The black bear bites you.
The black bear claws you but does no damage.
The black bear claws you. Something hits you but does no damage.
Deactivating autopickup; reactivate with Ctrl-A.
Autopickup is now on.
You shoot an arrow.
The arrow hits the black bear but does no damage.
The black bear is heavily wounded.
The black bear bites you but does no damage.
The black bear barely misses you. The black bear closely misses you.
Something barely misses you.
You shoot an arrow. The arrow hits the black bear.
The black bear is heavily wounded.
The black bear bites you! The black bear closely misses you.
The black bear claws you. Something hits you but does no damage.
Deactivating autopickup; reactivate with Ctrl-A.
You shoot an arrow. The arrow hits the black bear!
The black bear is almost dead.
The black bear bites you. The black bear barely misses you.
The black bear closely misses you. Something hits you. Something shocks you.
You shoot an arrow. The arrow hits the black bear!
You kill the black bear!
Something hits you but does no damage.
You shoot an arrow. You shoot an arrow. Something hits you.
Something shocks you.
You die...

### ##.. #... ######## ########
#..# #......# #......#####..#
#####......# #......#.......
...##......# #......#.......
.#.##......# ######......#.###.##
...##......###.{@[.......#.# #.##
.#.##......#...%##.......#.# #.##
...........#....##.#.#.###.###...
...........#....##.#.#...........
.........[...........#.##.##.#...
.......#.)###..................<.
##...............................
##...##..##............####.....
#...##..##.#.####..##.####.##.#


There were no monsters in sight!

Vanquished Creatures
  3 black bears (D:4)
  A gnoll sergeant (D:4)
  2 scorpions
  4 orc priests (D:3)
  A jelly (D:4)
  An iguana (D:4)
  9 gnolls
  5 adders
  A worm (D:3)
  2 dart slugs
  12 orcs
  7 bats
  4 endoplasms
  4 giant cockroaches
  8 goblins
  5 hobgoblins
  8 jackals
  A quokka (D:3)
  3 ball pythons
  2 frilled lizards
  7 kobolds
  3 rats (D:3)
93 creatures vanquished.

Notes
Turn   | Place    | Note
-------+----------+-------------------------------------------
     0 | D:1      | qw the Deep Elf Hunter began the quest for the Orb.
     0 | D:1      | Reached XP level 1. HP: 12/12 MP: 3/3
     0 | D:1      | 0 ||| qw: Version: 0.3-a-9-g12657ce
     0 | D:1      | 0 ||| qw: Game counter: 3340
     0 | D:1      | 0 ||| qw: Always use a shield: true
     0 | D:1      | 0 ||| qw: God list: Okawaru
     0 | D:1      | 0 ||| qw: Allow faded altars: false
     0 | D:1      | 0 ||| qw: Do Orc after D:15 true
     0 | D:1      | 0 ||| qw: Do second Lair branch before Depths: true
     0 | D:1      | 0 ||| qw: Lair rune preference: random
     0 | D:1      | 0 ||| qw: Plans: Normal
     0 | D:1      | 0 ||| PLANNING D:1-11
   244 | D:1      | Reached skill level 6 in Ranged Weapons
   244 | D:1      | Reached XP level 2. HP: 16/16 MP: 4/4
   748 | D:1      | Reached XP level 3. HP: 20/20 MP: 5/5
   948 | D:1      | 948 ||| READING scroll labelled NIJIAN PEIBOID.
   949 | D:1      | 949 ||| READING scroll labelled LOG JARASTRASEDOO.
   988 | D:1      | 988 ||| DROPPING scroll of butterflies.
  1163 | D:2      | Found Eporin's Armour Shoppe.
  1169 | D:2      | Reached skill level 7 in Ranged Weapons
  1173 | D:2      | 1173 ||| BUYING +0 ring mail (40 gold).
  1173 | D:2      | Bought a +0 ring mail for 40 gold pieces
  1173 | D:2      | 1173 ||| SHOPLISTING +1 pair of boots (115 gold, have 32).
  1173 | D:2      | 1173 ||| SHOPLISTING +1 scale mail of willpower (160 gold,
                  | have 32).
  1173 | D:2      | 1173 ||| SHOPLISTING +5 scale mail of Zischoud {rF+} (430
                  | gold, have 32).
  1396 | D:2      | Reached XP level 4. HP: 25/25 MP: 6/6
  1698 | D:2      | 1698 ||| UPGRADING to +0 pair of gloves.
  1703 | D:2      | 1703 ||| UPGRADING to +0 ring mail.
  1713 | D:2      | 1713 ||| DROPPING +0 leather armour.
  1714 | D:2      | 1714 ||| READING 2 scrolls labelled NORYM SYAQ YNO.
  1715 | D:2      | 1715 ||| READING 2 scrolls labelled JELOTA WUGHUTH.
  1794 | D:3      | Found Edaut's Book Emporium.
  1831 | D:3      | HP: 5/25 [orc priest/+0 flail (7)]
  1832 | D:3      | 1832 ||| READING scroll of teleportation.
  1834 | D:3      | Reached skill level 8 in Ranged Weapons
  1924 | D:3      | Found Nidooqutt's Magic Scroll Shoppe.
  1958 | D:3      | 1958 ||| SHOPLISTING scroll of enchant armour (90 gold,
                  | have 81).
  1958 | D:3      | 1958 ||| BUYING scroll of identify (24 gold).
  1958 | D:3      | Bought a scroll of identify for 24 gold pieces
  1958 | D:3      | 1958 ||| BUYING scroll of identify (24 gold).
  1958 | D:3      | Bought a scroll of identify for 24 gold pieces
  1958 | D:3      | 1958 ||| SHOPLISTING scroll of teleportation (36 gold, have
                  | 33).
  1979 | D:3      | Found Cegaor's Weapon Emporium.
  1986 | D:3      | 1986 ||| SHOPLISTING +0 heavy longbow (137 gold, have 44).
  2019 | D:3      | Reached XP level 5. HP: 27/29 MP: 7/7
  2053 | D:3      | Found the +7 staff of the Meek {protect, meekguard}
  2099 | D:3      | HP: 6/29 [orc priest/divine providence (10)]
  2105 | D:3      | Reached skill level 9 in Ranged Weapons
  2105 | D:3      | HP: 6/29 [orc/+0 dagger (2)]
  2292 | D:3      | 2292 ||| READING 3 scrolls of identify.
  2292 | D:3      | 2292 ||| IDENTIFYING pink potion
  2293 | D:3      | 2293 ||| READING 2 scrolls of identify.
  2293 | D:3      | 2293 ||| IDENTIFYING fizzy cyan potion
  2294 | D:3      | 2294 ||| DROPPING potion of brilliance.
  2641 | D:3      | Found Wucuf's General Store.
  2650 | D:3      | 2650 ||| BUYING scroll of enchant weapon (90 gold).
  2650 | D:3      | Bought a scroll of enchant weapon for 90 gold pieces
  2650 | D:3      | 2650 ||| READING scroll of enchant weapon.
  2650 | D:3      | 2650 ||| ENCHANTING +0 shortbow.
  3018 | D:3      | 3018 ||| READING scroll labelled ATOERUG QUCO.
  3020 | D:3      | 3020 ||| Stepping ~*~*~tactically~*~*~ (cloud).
  3022 | D:3      | HP: 7/30 [poisoned by you (poison gas)]
  3026 | D:3      | HP: 3/30 [poisoned by you (poison gas)]
  3173 | D:4      | 3173 ||| STAIRDANCE
  3176 | D:3      | Reached XP level 6. HP: 24/35 MP: 8/8
  3272 | D:4      | 3272 ||| Stepping ~*~*~tactically~*~*~ (outnumbered).
  3481 | D:4      | Reached skill level 10 in Ranged Weapons
  3540 | D:4      | Reached skill level 3 in Dodging
  3540 | D:4      | Reached XP level 7. HP: 21/40 MP: 9/9
  3760 | D:4      | 3760 ||| READING scroll of enchant weapon.
  3760 | D:4      | 3760 ||| ENCHANTING +1 shortbow.
  4020 | D:4      | 4020 ||| UPGRADING to +0 pair of boots.
  4025 | D:4      | 4025 ||| READING scroll labelled TUASKO BIRECH.
  4037 | D:5      | Entered Level 5 of the Dungeon
  4044 | D:5      | 4044 ||| STAIRDANCE
  4052 | D:4      | Reached skill level 1 in Armour
  4132 | D:5      | 4132 ||| STAIRDANCE
  4185 | D:5      | 4185 ||| STAIRDANCE
  4191 | D:4      | HP: 6/40 [gnoll sergeant/+2 heavy spear (8)]
  4192 | D:4      | 4192 ||| READING scroll of teleportation.
  4288 | D:4      | 4288 ||| FLEEEEING.
  4346 | D:5      | 4346 ||| STAIRDANCE
  4358 | D:4      | Reached skill level 11 in Ranged Weapons
  4464 | D:5      | 4464 ||| STAIRDANCE
  4469 | D:4      | HP: 7/40 [something (6)]
  4472 | D:4      | Slain by a sky beast

Levels and vault maps discovered:
D:1:      co_arrival_square_in_a_square_in_a_square, layout_loops_corners
D:2:      layout_basic, serial_shops, shop, hex_tiny
D:3:      cheibrodos_pilgrimage, layout_basic, serial_shops,
          nicolae_shop_crystal, nicolae_shop_tiny_real_fake_doors, shop,
          shop_fountains, serial_bayou, serial_bayou_pond_e,
          serial_bayou_pond_d, serial_bayou_lagoon_b, serial_bayou_pond_a,
          serial_bayou_shore_b, hangedman_decor_growths, pf_guarded_unrand_meek
D:4:      layout_basic
D:5:      gammafunk_cloud_chamber, layout_basic,
          minmay_temple_entry_sparse_star, nicolae_alphabet_shops

Skill      XL: |  1  2  3  4  5  6  7 |
---------------+----------------------+-----
Ranged Weapons | 6 7 8 9 10 11 | 11.6
Fighting       | 2 |  2.1
Dodging        | 3 |  3.8
Armour         | 1 |  1.1
Stealth        | |  1.2

Action                     |  1- 3 |  4- 6 |  7- 9 || total
---------------------------+-------+-------+-------++-------
   Fire: Shortbow          |    93 |   184 |    62 ||   339
    Use: Scroll            |     2 |     7 |     3 ||    12
 Armour: Leather armour    |     9 |       |       ||     9
         Ring mail         |       |    40 |    28 ||    68
  Dodge: Dodged            |    26 |    44 |    45 ||   115

Table legend:
 A = Non-vault XP
 B = Vault XP
 C = Vault XP percentage of total XP
 D = Non-vault monster count
 E = Vault monster count
 F = Vault count percentage of total count
                 A         B        C        D         E       F
            +---------+---------+-------+---------+---------+-------
      Total |    1072 |     146 |  12.0 |      84 |       9 |   9.7
            +---------+---------+-------+---------+---------+-------
        D:1 |      42 |       0 |   0.0 |      22 |       0 |   0.0
        D:2 |      86 |       0 |   0.0 |      14 |       0 |   0.0
        D:3 |     164 |     146 |  47.1 |      19 |       9 |  32.1
        D:4 |     780 |       0 |   0.0 |      29 |       0 |   0.0
            +---------+---------+-------+---------+---------+-------
